[Event "French-ch U16-U18 2024"]
[Site "Agen"]
[Date "2024.04.14"]
[Round "1.1"]
[White "Famel, Diane"]
[Black "Da Costa, Garance-Marie"]
[Result "1-0"]
[ECO "D31"]
[WhiteElo "1888"]
[BlackElo "1546"]
[Annotator "NA RC"]
[PlyCount "82"]
[EventDate "2024.04.14"]
[EventType "swiss"]
[EventCountry "FRA"]
[SourceTitle "playchess.com"]
[Source "ChessBase"]
[SourceQuality "1"]
[TimeControl "5400+30"]

1. d4 d5 2. c4 e6 3. Nc3 c6 4. cxd5 exd5 5. Bf4 Bd6 6. Bxd6 Qxd6 7. e3 Bf5 8. Nf3 Nd7 {[%emt 0:05:48] D31: Queen's Gambit Declined: Semi-Slav without ...Nf6 (+ Marshall Gambit and Noteboom) and Exchange Variation lines without ...Nf6.} 9. Be2 Ngf6 10. O-O O-O 11. Nh4 Be4 12. Nxe4 Nxe4 13. f3 Nef6 14. Nf5 Qe6 15. Qd3 Rfe8 16. Kf2 c5 17. Ng3 Re7 18. Rae1 Rae8 19. Nf5 c4 20. Nxe7+ Rxe7 21. Qc3 Qf5 22. Kg1 Re6 23. Bd1 Nf8 24. e4 Qg5 25. f4 Qh4 26. e5 Ne4 27. Qh3 Qd8 $2 (27... Qxh3 $16 28. gxh3 f5 29. exf6 Nd7) 28. Bc2 Rh6 29. Qe3 Qh4 30. Bxe4 Qxh2+ 31. Kf2 Qh4+ 32. g3 Qg4 33. Bg2 Rg6 34. Qf3 Qf5 35. Qxd5 Qg4 36. Qf3 $18 Qd7 37. d5 Rb6 38. Re2 Qa4 39. Qa3 Qb5 40. d6 Nd7 41. Qe3 Nc5 1-0

[Event "French-ch U16-U18 2024"]
[Site "Agen"]
[Date "2024.04.14"]
[Round "1.2"]
[White "Deboaisne, Enogate"]
[Black "Bat, Anu"]
[Result "0-1"]
[ECO "B22"]
[WhiteElo "1541"]
[BlackElo "1887"]
[Annotator "NA RC"]
[PlyCount "108"]
[EventDate "2024.04.14"]
[EventType "swiss"]
[EventCountry "FRA"]
[SourceTitle "playchess.com"]
[Source "ChessBase"]
[SourceQuality "1"]
[TimeControl "5400+30"]

1. e4 c5 2. c3 d5 3. exd5 Nf6 4. d4 Nxd5 5. c4 Nf6 6. d5 {[%emt 0:00:21] B22: Sicilian: 2 c3.} e6 7. Bg5 exd5 8. cxd5 Qxd5 9. Qe2+ Qe6 10. Bxf6 gxf6 11. Nf3 Be7 12. Nc3 a6 13. O-O-O Qxe2 14. Bxe2 Be6 15. Nd5 Bd8 16. Rhe1 O-O 17. g4 Nc6 18. g5 fxg5 19. Nxg5 Bxg5+ 20. Kb1 Nd4 21. Rg1 h6 22. Bc4 Bf5+ 23. Bd3 Bxd3+ 24. Rxd3 Rad8 25. Nf4 Ne2 26. Rxd8 Nxg1 27. Rxf8+ Kxf8 28. Nd5 Nf3 29. h3 Bh4 30. Kc2 Bxf2 31. Kd3 Ng5 32. Nf6 Nxh3 33. Ng4 Bd4 34. Nxh6 Ke7 35. b3 Ke6 36. a4 Nf2+ 37. Kc4 b6 38. b4 Be3 39. Nxf7 Kxf7 40. a5 b5+ 41. Kc3 cxb4+ 42. Kxb4 Bd2+ 43. Kb3 Bxa5 44. Kb2 Bb6 45. Kb3 a5 46. Ka3 Bc5+ 47. Kb3 a4+ 48. Kc3 b4+ 49. Kb2 Nd1+ 50. Ka2 b3+ 51. Kb1 a3 52. Ka1 Bd4+ 53. Kb1 a2+ (53... Nc3+ $142 54. Kc1 Be3#) 54. Kc1 a1=Q+ (54... Nb2 $142 55. Kd2 a1=Q 56. Ke2 Qd1#) 0-1

[Event "French-ch U16-U18 2024"]
[Site "Agen"]
[Date "2024.04.14"]
[Round "1.3"]
[White "Fesigny, Oceane"]
[Black "Kaliski, Esther"]
[Result "1/2-1/2"]
[ECO "B43"]
[WhiteElo "1829"]
[BlackElo "1537"]
[Annotator "NA RC"]
[PlyCount "147"]
[EventDate "2024.04.14"]
[EventType "swiss"]
[EventCountry "FRA"]
[SourceTitle "playchess.com"]
[Source "ChessBase"]
[SourceQuality "1"]
[TimeControl "5400+30"]

1. e4 c5 2. Nf3 e6 3. d4 cxd4 4. Nxd4 a6 5. Nc3 Qc7 6. Be3 Nf6 7. f3 Be7 {[%emt 0:01:51] B43: Sicilian: Kan Variation: 5 Nc3.} 8. Qd2 O-O 9. O-O-O b5 10. g4 Bb7 11. h4 d5 12. e5 Nfd7 13. f4 Nc6 14. Kb1 Nxd4 15. Bxd4 f6 (15... b4 $15 16. Ne2 a5) 16. Re1 fxe5 17. Bxe5 Nxe5 18. Rxe5 Rxf4 19. Rxe6 d4 20. Ne2 Rxg4 21. Rg1 Rxg1 22. Nxg1 Bxh4 23. Bg2 Bf6 24. Bxb7 Qxb7 25. Re1 Qd7 26. Nf3 Re8 27. Rd1 Rd8 28. a3 Qd5 29. Ne1 Re8 30. Nd3 h5 31. Rg1 Re3 32. Qh2 h4 33. Qf4 Qf3 34. Qh2 h3 35. Ne1 Qd1+ $19 36. Ka2 Rxe1 37. Rxe1 Qxe1 38. Qxh3 Qd2 39. Qe6+ Kh8 40. Qh3+ Kg8 41. Qe6+ $1 Kf8 42. Qc8+ Kf7 43. Qd7+ Kg6 44. Qg4+ Qg5 45. Qe4+ Kh5 46. Qh7+ Kg4 47. Qe4+ Qf4 48. Qg2+ Kf5 49. Qd5+ Qe5 50. Qf3+ Ke6 51. Qc6+ Qd6 52. Qe4+ Kd7 53. Qb7+ Ke8 54. Qe4+ Kd7 $2 (54... Qe5 $19 55. Qg2 g5) 55. Qb7+ $1 Ke8 $2 (55... Kd8 $19 56. Qf7 d3 57. cxd3 Qe5 (57... Qxd3 $2 58. Qf8+ Kc7 59. Qf7+ Qd7 60. Qg6 $19) 58. Qf8+ Kc7) 56. Qe4+ Kf7 57. Qb7+ Qe7 58. Qf3 g6 59. Ka1 Kg7 60. Qc6 Qa7 (60... d3 $142 61. Qxf6+ Qxf6 (61... Kxf6 {leads to mate.} 62. cxd3 Ke5 63. Kb1 Kd4 64. Kc2 Qe2+ 65. Kb3 Qd1+ 66. Ka2 Kxd3 67. b4 Kc3 68. a4 Qe2+ 69. Kb1 Qb2#) 62. cxd3 g5 63. Ka2 g4 64. Kb3 g3 65. a4 g2 (65... bxa4+ 66. Kc2 g2 67. b3 g1=Q 68. bxa4 Qg2+ 69. Kb3 Qgb2+ 70. Kc4 Qfd4#) 66. axb5 g1=Q (66... g1=B {is a self mate.} 67. bxa6 Qe6+ 68. Kc3 Qc6+ 69. Kb4 Bd4 70. a7 Qb6+ 71. Kc4 Qc5+ 72. Kb3 Qb5+ 73. Kc2 Qxb2+ 74. Kd1 Bc3 75. a8=Q Qd2#) 67. Kc4 Qgd4+ (67... Qxb2 68. Kd5 Qgd4+ 69. Kc6 Qxb5+ 70. Kc7 Qdd7#) 68. Kb3 Qff2 69. bxa6 Qfxb2#) 61. Qd5 Qc7 62. Kb1 Qe7 63. Qc6 b4 64. axb4 Qxb4 65. Qd7+ Qe7 66. Qc6 a5 67. Qb5 Qa7 68. b3 Qc7 (68... d3 $142 69. c3 Qg1+ (69... Bxc3 $2 70. Qxd3 Bf6 71. Qd5 $19) 70. Ka2 Qh2+ (70... Bxc3 $2 71. b4 $19) 71. Ka3 Qd6+ (71... Bxc3 $2 72. Qd7+ Kh6 73. Qxd3 $19) 72. Ka4 d2 (72... Bxc3 73. Qb7+ Kf6 74. Qf3+ Ke7 75. Qe4+ Be5 76. Qh4+ Ke8 77. Kxa5 d2 78. Qa4+ Kf7 79. Qc4+ Kg7 80. Qf1 d1=Q 81. Qxd1 Qxd1 82. Kb5 Qxb3+ 83. Kc5 Kf6 84. Kc6 Ke6 85. Kc5 Bc7 86. Kd4 Bb6+ 87. Ke4 Qe3#) 73. Qb7+ Be7 74. Qh1 d1=Q (74... d1=B 75. Qf1 Qa3+ 76. Kb5 Bxb3 77. Qg2 Qc5+ 78. Ka6 Bc4+ 79. Kb7 Bd6 80. Qc6) 75. Qxd1 Qxd1 76. Kb5 Qd5+ (76... Qxb3+ {gets mated.} 77. Kc6 Kf7 78. c4 Qxc4+ 79. Kb6 Ke6 80. Ka7 Qb5 81. Ka8 Qa6+ 82. Kb8 Bd6#) 77. Kb6 Bd8+ (77... Qxb3+ {leads to mate.} 78. Kc7 Qxc3+ 79. Kb6 Bd8+ 80. Kb5 Bc7 81. Ka6 Qc6+ 82. Ka7 Qb6+ 83. Ka8 Qb8#) 78. Ka7 Qxb3 79. c4 Qb6+ (79... Qxc4 {is a self mate.} 80. Kb7 Qb5+ 81. Kc8 Qb6 82. Kd7 Kf7 83. Kc8 Qc7#) 80. Ka8 Bc7 81. c5 Qb8#) 69. Qd5 Qe5 70. Qd7+ Be7 71. Qc6 Qe1+ 72. Ka2 Qc3 73. Qe4 d3 74. Qxe7+ 1/2-1/2

[Event "French-ch U16-U18 2024"]
[Site "Agen"]
[Date "2024.04.14"]
[Round "1.4"]
[White "Vidoni, Salma"]
[Black "Delmouly, Manon"]
[Result "0-1"]
[ECO "D02"]
[WhiteElo "1532"]
[BlackElo "1800"]
[Annotator "NA RC"]
[PlyCount "92"]
[EventDate "2024.04.14"]
[EventType "swiss"]
[EventCountry "FRA"]
[SourceTitle "playchess.com"]
[Source "ChessBase"]
[SourceQuality "1"]
[TimeControl "5400+30"]

1. d4 d5 2. Nf3 e6 3. Bf4 Nf6 4. e3 Be7 5. h3 O-O 6. Bd3 c5 7. c3 Nc6 8. Nbd2 cxd4 9. exd4 Bd6 10. Ne5 Qc7 11. Ndf3 Rb8 12. O-O b5 13. Rc1 Re8 14. Qe2 a6 15. Rfe1 Bb7 16. Rc2 Qe7 17. Bg5 Rec8 18. Bxf6 gxf6 19. Ng4 Kh8 20. Qe3 f5 21. Qh6 Qf8 22. Qh5 Qg7 23. Nh6 Rf8 24. Ng5 Nd8 25. g4 Qg6 26. Qh4 Bf4 27. gxf5 Qxg5+ 28. Qxg5 Bxg5 29. Ng4 Rg8 30. Kh1 Bc8 31. f6 h5 32. Ne5 Bxf6 33. Nf3 Nc6 34. Rce2 b4 35. Nh2 Bg5 36. f3 Bf4 37. Nf1 bxc3 38. bxc3 f6 39. h4 e5 40. dxe5 Nxe5 41. Bc2 Nxf3 42. Ne3 Nxe1 43. Rxe1 Bb7 44. Ng2 d4 45. Re7 Bxg2+ 46. Kg1 Be4+ 0-1

[Event "French-ch U16-U18 2024"]
[Site "Agen"]
[Date "2024.04.14"]
[Round "1.5"]
[White "Lavilledieu, Lily-Mei"]
[Black "Razafindratsima, Grace"]
[Result "1-0"]
[ECO "E70"]
[WhiteElo "1783"]
[BlackElo "1529"]
[Annotator "NA RC"]
[PlyCount "48"]
[EventDate "2024.04.14"]
[EventType "swiss"]
[EventCountry "FRA"]
[SourceTitle "playchess.com"]
[Source "ChessBase"]
[SourceQuality "1"]
[TimeControl "5400+30"]

1. d4 Nf6 2. c4 g6 3. Nc3 Bg7 4. e4 d6 5. Bd3 O-O 6. Nge2 Nbd7 7. Ng3 e5 8. d5 Nc5 9. Bc2 a5 10. O-O Ng4 11. h3 Nh6 12. Be3 b6 13. Qd2 Ng4 14. hxg4 Bxg4 15. Bh6 Bd7 16. Nge2 f5 17. Bxg7 Kxg7 18. exf5 Bxf5 19. Bxf5 Rxf5 20. f4 Qh4 21. Rf3 Raf8 22. Rh3 Qg4 23. fxe5 dxe5 24. Qh6+ Kf6 1-0

[Event "French-ch U16-U18 2024"]
[Site "Agen"]
[Date "2024.04.14"]
[Round "1.6"]
[White "Kuhn, Clement"]
[Black "Lyandzberg, Anatoly"]
[Result "1-0"]
[ECO "B11"]
[WhiteElo "2349"]
[BlackElo "1877"]
[Annotator "TA"]
[PlyCount "87"]
[EventDate "2024.04.14"]
[EventType "swiss"]
[EventCountry "FRA"]
[SourceTitle "playchess.com"]
[Source "ChessBase"]
[SourceQuality "1"]
[TimeControl "5400+30"]

1. e4 c6 2. Nf3 d5 3. Nc3 dxe4 4. Nxe4 Nf6 5. Qe2 Nxe4 6. Qxe4 Qd5 {[%emt 0:00:11] Repels Bc4} 7. Qf4 Qf5 8. Qe3 Qe6 {[%emt 0:01:33] The position is equal.} 9. b3 Qxe3+ 10. fxe3 Bf5 11. Bb2 Nd7 12. O-O-O O-O-O {[%emt 0:01:56] [#]} ({Black should play} 12... f6 $14) 13. Ng5 $1 $16 Bg6 14. Bd3 {[%emt 0:13:40] Hoping for Bxg6.} Re8 (14... Bxd3 $2 15. Nxf7 (15. cxd3 Rg8 $18) 15... Be4 16. Nxh8 $18) 15. Bxg6 fxg6 16. Rdf1 {[%emt 0:01:41] White has more active pieces.} ({Better is} 16. Ne6) 16... Nf6 ({Black should try} 16... e5) 17. h4 Kd7 18. e4 e6 19. Rh3 Bc5 (19... Be7 $16 {was called for.} 20. a3 Rhf8) 20. Rd3+ $18 Kc8 21. Bxf6 gxf6 {[%emt 0:00:06] [#]} 22. Rff3 $4 f5 $2 (22... fxg5 $19 23. hxg5 Ref8) 23. Rxf5 $2 e5 $4 {[%emt 0:03:19][%mdl 8192] Black is weak on the light squares} (23... gxf5 $19 24. a4 h6) 24. Rf7 h6 25. Nf3 {[%emt 0:00:00] Rdd7 would now be deadly.} Rhf8 26. Rdd7 Rxf7 27. Rxf7 {[%emt 0:00:00][%mdl 4096] Endgame. KRB-KRN} Re6 28. Kd1 Be7 29. g4 Rf6 30. Rxe7 ({Much less strong is} 30. Nxe5 Re6 $18) 30... Rxf3 {[%emt 0:00:00] KR-KR} 31. Rg7 Rh3 32. Rxg6 Rxh4 33. d3 h5 34. Rh6 Rxg4 (34... Rh1+ {might work better.} 35. Kd2 h4) 35. Rxh5 Kd7 36. Rxe5 Kd6 37. Rh5 {[%emt 0:00:00] Black must now prevent Rh7.} b5 $2 (37... Rg1+ 38. Kd2 Rg2+ 39. Kc1 c5) 38. Kc1 ({Don't do} 38. Rh6+ Kc7 39. b4 (39. Rh7+ Kb6 $18) 39... Rg1+ 40. Kd2 Rf1 $18) 38... Rg2 39. Kb2 Rg7 40. a3 Re7 41. b4 {[%emt 0:00:00] White is clearly winning.} a6 42. Kc3 Rc7 (42... Rg7 $142 43. Kd4 Rg2 44. e5+ Ke7 45. Rh7+ Kf8) 43. Kd4 {[%emt 0:00:00] Rh6+ is the strong threat.} Rd7 44. Rh6+ {[%emt 0:00:00] Weighted Error Value: White=0.44/Black=0.61.  Loses game:     	White=1     	---        Missed win:     	White=1     	Black=2      Mistake:       	White=1     	Black=6      Inaccurate:     	White=1     	Black=3      OK:         	White=13    	Black=9      Best:        	White=1     	Black=1      Strong:       	White=1     	---} 1-0

[Event "French-ch U16-U18 2024"]
[Site "Agen"]
[Date "2024.04.14"]
[Round "1.6"]
[White "Kuhn, Clement"]
[Black "Caldas, Raphael C B R Leitao"]
[Result "*"]
[ECO "B11"]
[WhiteElo "2349"]
[BlackElo "1759"]
[Annotator "RC"]
[PlyCount "32"]
[EventDate "2024.04.14"]
[EventType "swiss"]
[EventCountry "FRA"]
[SourceTitle "playchess.com"]
[Source "ChessBase"]
[SourceQuality "1"]
[TimeControl "5400+30"]

1. e4 c6 2. Nf3 d5 3. Nc3 dxe4 4. Nxe4 Nf6 5. Qe2 Nxe4 6. Qxe4 Qd5 7. Qf4 Qf5 8. Qe3 Qe6 9. b3 Qxe3+ 10. fxe3 Bf5 11. Bb2 Nd7 12. O-O-O O-O-O 13. Ng5 Bg6 14. Bd3 Re8 15. Bxg6 fxg6 16. Rdf1 Nf6 *

[Event "French-ch U16-U18 2024"]
[Site "Agen"]
[Date "2024.04.14"]
[Round "1.7"]
[White "Lyandzberg, Anatoly"]
[Black "Breuil, Tristan"]
[Result "*"]
[ECO "B90"]
[WhiteElo "1877"]
[BlackElo "2281"]
[Annotator "RC"]
[PlyCount "26"]
[EventDate "2024.04.14"]
[EventType "swiss"]
[EventCountry "FRA"]
[SourceTitle "playchess.com"]
[Source "ChessBase"]
[SourceQuality "1"]
[TimeControl "5400+30"]

1. e4 c5 2. Nf3 d6 3. d4 cxd4 4. Nxd4 Nf6 5. Nc3 a6 6. h3 e5 7. Nde2 h5 8. g3 Be6 9. Bg2 Nbd7 10. Bg5 Be7 11. Nd5 Nxd5 12. exd5 Bf5 13. Be3 Bg5 *

[Event "French-ch U16-U18 2024"]
[Site "Agen"]
[Date "2024.04.14"]
[Round "1.7"]
[White "Kamel, Faris."]
[Black "Breuil, Tristan"]
[Result "0-1"]
[ECO "B90"]
[WhiteElo "1876"]
[BlackElo "2281"]
[Annotator "TA"]
[PlyCount "82"]
[EventDate "2024.04.14"]
[EventType "swiss"]
[EventCountry "FRA"]
[SourceTitle "playchess.com"]
[Source "ChessBase"]
[SourceQuality "1"]
[TimeControl "5400+30"]

1. e4 c5 2. Nf3 d6 3. d4 cxd4 4. Nxd4 Nf6 5. Nc3 a6 6. h3 e5 7. Nde2 h5 8. g3 Be6 9. Bg2 Nbd7 {[%emt 0:00:16] The position is equal.} 10. Bg5 Be7 11. Nd5 (11. a4 $11) 11... Nxd5 $1 $15 12. exd5 Bf5 (12... Bxg5 $6 13. dxe6 fxe6 14. Qxd6 $16 (14. Bxb7 Rb8 $17)) 13. Be3 Bg5 14. f4 (14. Bd2 $142) 14... exf4 $17 15. Nxf4 Qe7 16. Kf2 ({White should play} 16. Qe2) 16... Rc8 $36 {[%emt 0:08:17][%mdl 2048] Keeping White busy.} 17. Rc1 (17. c3 $17) 17... Ne5 $19 18. Re1 {[%emt 0:05:31] [#]} h4 $1 19. g4 Bxg4 20. hxg4 {[%emt 0:02:05] [#]} (20. Qd2 {was the only chance.} O-O 21. Nd3 Bxe3+ 22. Qxe3 Qf6+ 23. Kg1 Nf3+ 24. Bxf3 Bxf3 25. Qf2) 20... Qf6 $1 21. Qd2 Rc4 ({Weaker is} 21... Nxg4+ 22. Kg1 O-O (22... Qxb2 $2 {is the wrong capture.} 23. Bd4+ Kd7 24. Bxb2 $18) 23. Nh5 Bxe3+ 24. Qxe3 $17 (24. Rxe3 $2 {loses.} Qg5 $19)) 22. Kg1 Rxf4 23. Rf1 $2 (23. Qc3 {was called for.}) 23... Nc4 24. Qd3 Rxf1+ 25. Rxf1 Bxe3+ 26. Kh1 Qd4 27. Qxd4 Bxd4 28. Rf4 h3 29. Bf1 Ne3 {[%emt 0:01:05] ...Be5 is the strong threat.} 30. Bxa6 bxa6 31. Rxd4 {[%emt 0:00:03][%mdl 4096] Endgame. KRN-KR} Kd7 32. c4 Rh4 33. Re4 Nxg4 34. Rf4 {[%emt 0:00:06] Inhibits Nf2+.} f6 {[%emt 0:00:21] Threatens to win with ...g5.} 35. b4 g5 36. Rf3 Ne5 37. Ra3 Rxc4 {[%emt 0:00:38] ( -> ...g4)} 38. Rxa6 Nf3 {[%emt 0:00:24][%cal Rc4c1] Black mates.} 39. Rc6 Rxc6 40. dxc6+ Kxc6 41. a4 Nd4 {[%emt 0:00:09] White did not feel at home in the position after the opening.   Weighted Error Value: White=0.72/Black=0.12 (very precise) .  Mistake:       	White=6     	---        Inaccurate:     	White=2     	Black=1      OK:         	White=8     	Black=11     Best:        	White=1     	Black=4      Strong:       	---       	Black=3} 0-1

[Event "French-ch U16-U18 2024"]
[Site "Agen"]
[Date "2024.04.14"]
[Round "1.8"]
[White "Vallee, Louis"]
[Black "Greissler, Raphael"]
[Result "1-0"]
[ECO "D31"]
[WhiteElo "2270"]
[BlackElo "1875"]
[Annotator "TA"]
[PlyCount "57"]
[EventDate "2024.04.14"]
[EventType "swiss"]
[EventCountry "FRA"]
[SourceTitle "playchess.com"]
[Source "ChessBase"]
[SourceQuality "1"]
[TimeControl "5400+30"]

1. d4 d5 2. c4 e6 3. Nc3 Bb4 4. cxd5 exd5 5. Nf3 h6 6. Bf4 Nf6 7. e3 O-O 8. h3 {[%emt 0:07:31] White is slightly better.} Ne4 9. Rc1 c6 10. Bd3 Bf5 11. O-O Nxc3 12. bxc3 Bxd3 13. Qxd3 Bd6 14. Bxd6 Qxd6 15. e4 dxe4 16. Qxe4 Nd7 17. Rfe1 Nf6 18. Qe7 Qxe7 19. Rxe7 Rab8 20. Rb1 $1 b5 $1 (20... Rfe8 21. Rexb7 (21. Rbxb7 Rxb7 22. Rxb7 Ne4 $16) 21... Rxb7 22. Rxb7 $16) 21. Rxa7 Ra8 22. Rc7 Rxa2 23. Rxc6 Ne4 (23... Re8 $1 $14) 24. Rxb5 $16 Rfa8 25. Re5 f5 {[%emt 0:00:47] This move loses the game for Black.} (25... Nxf2 $16 26. d5 Nd3) 26. Rxf5 $18 Rxf2 27. Re5 Ra1+ 28. Kh2 Re2 {[%emt 0:02:33] [#]} (28... Raa2 {keeps fighting.} 29. Nh4 Rae2) 29. Rce6 {[%emt 0:01:51] Weighted Error Value: White=0.04 (flawless) /Black=0.22 (precise) .  Mistake:       	---       	Black=3      Inaccurate:     	White=1     	Black=1      OK:         	White=12    	Black=10     Best:        	White=3     	---        Strong:       	White=1     	Black=1} 1-0

[Event "French-ch U16-U18 2024"]
[Site "Agen"]
[Date "2024.04.14"]
[Round "1.9"]
[White "Greissler, Raphael"]
[Black "Zienkiewicz, Jan"]
[Result "*"]
[ECO "A57"]
[WhiteElo "1875"]
[BlackElo "2240"]
[Annotator "RC"]
[PlyCount "26"]
[EventDate "2024.04.14"]
[EventType "swiss"]
[EventCountry "FRA"]
[SourceTitle "playchess.com"]
[Source "ChessBase"]
[SourceQuality "1"]
[TimeControl "5400+30"]

1. d4 Nf6 2. c4 c5 3. d5 b5 4. cxb5 a6 5. e3 d6 6. Nc3 Nbd7 7. Nf3 g6 8. a4 Bg7 9. Be2 O-O 10. O-O axb5 11. Bxb5 Ba6 12. Bd2 Ne8 13. Qe2 Nc7 *

[Event "French-ch U16-U18 2024"]
[Site "Agen"]
[Date "2024.04.14"]
[Round "1.9"]
[White "Duces-Akhverdoff, Gabriel"]
[Black "Zienkiewicz, Jan"]
[Result "1/2-1/2"]
[ECO "A57"]
[WhiteElo "1874"]
[BlackElo "2240"]
[Annotator "TA"]
[PlyCount "129"]
[EventDate "2024.04.14"]
[EventType "swiss"]
[EventCountry "FRA"]
[SourceTitle "playchess.com"]
[Source "ChessBase"]
[SourceQuality "1"]
[TimeControl "5400+30"]

1. d4 Nf6 2. c4 c5 3. d5 b5 4. cxb5 a6 5. e3 d6 6. Nc3 Nbd7 7. Nf3 g6 8. a4 Bg7 9. Be2 O-O 10. O-O axb5 11. Bxb5 Ba6 12. Bd2 ({White should try} 12. Bxa6 $16 Rxa6 13. e4) 12... Ne8 13. Qe2 {[%emt 0:00:00] White is more active.} Nc7 14. e4 {[%emt 0:00:00] White is slightly better.} Nb6 (14... Qb8 $14 {deserves consideration.}) 15. Bf4 {[%emt 0:00:00] Black is weak on the light squares} (15. Bxa6 $16 Nxa6 16. h3) 15... Ra7 (15... Bxb5 $11 {remains equal.} 16. axb5 Qd7) 16. Rfd1 (16. Bxa6 $16 Rxa6 17. a5) 16... Bxc3 17. Bxa6 ({Reject} 17. bxc3 Nxa4 18. c4 (18. Rxa4 $2 Bxb5 19. c4 Bxa4 $19) 18... Nc3 $17) 17... Bg7 18. Bb5 Nxb5 19. axb5 Qa8 ({Better is} 19... Qd7 $14) 20. Ra6 $16 Rxa6 21. bxa6 Rb8 {[%emt 0:01:09] [#]} 22. Ra1 {[%emt 0:00:00] Wards off Na4} Nc8 23. Ra2 Na7 24. h3 Rb6 25. Qd2 Qb8 26. Bg5 Qc7 (26... Bf8 $142 27. Qc2 Qc8) 27. Qa5 $18 {[%emt 0:00:00][%cal Og5e7] aiming for Bxe7!} Kf8 28. Bd2 Qb8 29. Bc3 f6 (29... Rb5 $142 30. Qa4 Bxc3) 30. Nd2 Rb5 31. Qa4 Qc8 32. Nc4 Kf7 33. Ra3 Bh6 (33... Kg8 $142 34. Qc2 Rb8) 34. Ra1 Bg7 $2 (34... Rb8 35. Qd1 Rb5) 35. Qc2 Bh6 36. Qa4 Bg7 $1 37. Ra3 Bh6 $1 38. Qc2 (38. Na5 $142 {[%cal Oa5c6] Nc6! is the strong threat.} Qxa6 39. e5 dxe5 40. Qh4) 38... Bg7 39. Qd1 Bh6 $2 (39... Rb8 40. Qg4 Ke8) 40. Qe2 Rb8 41. Ra1 Bg7 42. Qd1 Bh6 (42... Qd7 {keeps fighting.} 43. Qa4 Qe8) 43. Ba5 Rb5 $2 (43... Qxa6 44. Bc7 Qxc4 45. Bxb8 Nb5) 44. Bb6 Qb8 (44... Rb4 $142 45. Qe2 (45. Ra4 Rxc4 46. Rxc4 Qxa6 $11) 45... Nb5) 45. Bxa7 Qxa7 46. Ra4 (46. Na5 $142) 46... Bf4 (46... Rb8 {was necessary.} 47. g3 Kg8) 47. Qa1 (47. Qe2 $142 Rb4 48. Ra2) 47... h5 $2 (47... Rb8 48. Qa2 Be5) 48. g3 Be5 49. Nxe5+ fxe5 {[%emt 0:00:37][%mdl 4096] Endgame. KQR-KQR} 50. Qa3 Rb6 51. Kg2 Ke8 52. Ra5 Kd8 53. b3 Rb4 54. Ra4 Rb6 55. Ra5 Rb4 $1 56. Ra4 Rb6 57. Qa2 Kc7 58. Ra3 $2 (58. Ra5 $18) 58... Kb8 $14 59. Qe2 {[%emt 0:00:33] [#] Threatens to win with Qf3.} Qd7 $1 60. a7+ Ka8 61. Qf3 Qe8 {[%emt 0:00:25] Prevents Qf8} 62. Qc3 Qb5 63. Qf3 {[%emt 0:00:17] The position is equal.} Qe8 {[%emt 0:00:09] Dodges Qf8} 64. Qd3 Qd7 65. Qf3 {White really could win this.   Weighted Error Value: White=0.76/Black=0.51.  Missed win:     	White=1     	---        Mistake:       	White=3     	Black=12     Inaccurate:     	White=6     	Black=4      OK:         	White=11    	Black=9      Best:        	White=3     	Black=2      Strong:       	---       	Black=4} 1/2-1/2

[Event "French-ch U16-U18 2024"]
[Site "Agen"]
[Date "2024.04.14"]
[Round "1.10"]
[White "Trevisiol, Antoine"]
[Black "Duces-Akhverdoff, Gabriel"]
[Result "*"]
[ECO "D35"]
[WhiteElo "2235"]
[BlackElo "1874"]
[Annotator "RC"]
[PlyCount "25"]
[EventDate "2024.04.14"]
[EventType "swiss"]
[EventCountry "FRA"]
[SourceTitle "playchess.com"]
[Source "ChessBase"]
[SourceQuality "1"]
[TimeControl "5400+30"]

1. d4 Nf6 2. c4 e6 3. Nc3 d5 4. cxd5 exd5 5. Bg5 Bb4 6. e3 h6 7. Bh4 O-O 8. Bd3 c5 9. Nge2 c4 10. Bc2 Na6 11. a3 Be7 12. O-O Nc7 13. f3 *